 Dungeon Crawl Stone Soup version 0.27.1-4-g1640c2035a (webtiles) character file.

Game seed: 5633298913217765001

63 Crownlay the Slasher (level 3, -1/30 HPs)
             Began as a Minotaur Gladiator on Nov 1, 2021.
             Slain by a kobold (3 damage)
             ... on level 2 of the Dungeon.
             The game lasted 00:02:08 (1195 turns).

Crownlay the Slasher (Minotaur Gladiator)           Turns: 1195, Time: 00:02:08

Health: -1/30      AC:  3    Str: 18    XL:     3   Next: 87%
Magic:  2/2        EV: 12    Int:  5    God:
Gold:   35         SH:  0    Dex: 12    Spells: 2/2 levels left

rFire    . . .     SeeInvis .   a - +0 long sword
rCold    . . .     Faith    .   (no shield)
rNeg     . . .     Spirit   .   b - +0 leather armour
rPois    .         Reflect  .   c - +0 hat
rElec    .         Harm     .   (no cloak)
rCorr    .         Rampage  .   (no gloves)
Will     .....                  (no boots)
Stlth    +.........             (no amulet)
HPRegen  0.10/turn              (no ring)
MPRegen  0.08/turn              (no ring)

@: no status effects
A: horns 2, retaliatory headbutt
a: no special abilities


You were on level 2 of the Dungeon.
You visited 1 branch of the dungeon, and saw 2 of its levels.

You collected 35 gold pieces.

Inventory:

Hand Weapons
 a - a +0 long sword (weapon)
Missiles
 d - a throwing net (quivered)
 g - 6 boomerangs
Armour
 b - a +0 leather armour (worn)
 c - a +0 hat (worn)
Scrolls
 e - a scroll of fog {unknown}
Potions
 f - a potion of ambrosia {unknown}
 h - a potion of might {unknown}
 i - a potion of attraction {unknown}


   Skills:
 - Level 2.4 Fighting
 + Level 5.3 Long Blades
 - Level 2.0 Throwing
 * Level 3.9 Dodging


You had 2 spell levels left.
You didn't know any spells.
Your spell library contained the following spells:

 Spells                   Type           Power      Damage    Failure   Level
 Corpse Rot               Necr/Air       N/A        N/A       67%         2
 Poisonous Vapours        Pois/Air       0%         N/A       67%         2
 Freezing Cloud           Conj/Ice/Air   0%         6-21      100%        5


Dungeon Overview and Level Annotations

Branches:
Dungeon (2/15)

Altars:
The Shining One

Shops:
D:1 [


Innate Abilities, Weirdness & Mutations

You have a pair of horns on your head.
You reflexively headbutt those who attack you in melee.


Message History

The jackal barks!
You feel sick.
The goblin struggles against the net.
A jackal comes into view.
The adder bites you but does no damage.
The jackal barks!
You hit the adder. Your headbutt misses the adder.
The adder is severely wounded.
You feel sick.
The goblin struggles against the net.
The adder barely misses you.
A jackal comes into view.
You barely miss the adder.
The adder is severely wounded.
You feel sick.
You are no longer poisoned.
The jackal barks!
The adder bites you.
* * * LOW HITPOINT WARNING * * *
The goblin struggles against the net.
The adder barely misses you. You furiously retaliate!
You headbutt the adder.
You kill the adder!
The goblin struggles against the net.
The kobold hits you but does no damage.
You strike the helpless goblin from behind!
You slash the goblin!
You kill the goblin!
The bat barely misses you. You furiously retaliate!
You headbutt the bat. The kobold hits you with a +0 dagger.
* * * LOW HITPOINT WARNING * * *
The bat hits you but does no damage.
You slash the bat!
You kill the bat!
The kobold closely misses you.
You closely miss the kobold. Your headbutt misses the kobold.
The kobold hits you with a +0 dagger.
* * * LOW HITPOINT WARNING * * *
Okay, then.
You closely miss the kobold. The kobold completely misses you.
You riposte.
You barely miss the kobold. You closely miss the kobold.
The kobold hits you but does no damage.
You hit the kobold but do no damage. The kobold hits you with a +0 dagger.
You die...

#.# #.# #.# ############
#.# #........... #.#
#.#.######## #.# #.#.#
#.#.####.####.#.# #####
#...hK@......#.# #....
#...#h#########.####.###
... .h. #..........##. .
#...# #.###.######..
..... #.# #.# #...
.....# #[###.#####...
..... #........)....
.##.# ######.#.####.)..
#.....###......##


You could see 3 jackals and a kobold.

Vanquished Creatures
  2 adders (D:2)
  2 worms (D:2)
  A dart slug (D:2)
  3 endoplasms
  3 giant cockroaches
  7 goblins
  3 hobgoblins (D:1)
  2 quokkas (D:2)
  3 ball pythons
  3 bats
  3 frilled lizards
  A kobold (D:1)
  2 rats (D:2)
35 creatures vanquished.

Vanquished Creatures (others)
  A fungus (D:1)
1 creature vanquished.

Grand Total: 36 creatures vanquished

Notes
Turn   | Place    | Note
-------+----------+-------------------------------------------
     0 | D:1      | Crownlay the Minotaur Gladiator began the quest for the
                  | Orb.
     0 | D:1      | Reached XP level 1. HP: 18/18 MP: 0/0
    74 | D:1      | Found Zipliy's Antique Armour Boutique.
    81 | D:1      | Reached skill level 4 in Long Blades
    85 | D:1      | Reached XP level 2. HP: 25/25 MP: 1/1
   514 | D:1      | Found a faded altar of an unknown god.
   901 | D:2      | Reached skill level 5 in Long Blades
   917 | D:2      | Reached XP level 3. HP: 27/30 MP: 2/2
  1006 | D:2      | Found a glowing golden altar of the Shining One.
  1192 | D:2      | HP: 1/30 [kobold (3)]
  1195 | D:2      | Slain by a kobold

Illustrated notes

Levels and vault maps discovered:
D:1:      elethiomel_arrival_maze, layout_basic, shapermc_ecumenical_altar_gd,
          serial_shops, shop_fountains
D:2:      layout_loops_ring, basic_altar, minmay_increasing_density

Skill      XL: |  1  2 |
---------------+-------+-----
Long Blades    | 4 5 |  5.3
Fighting       | |  2.4
Throwing       | |  2.0
Dodging        | |  3.9

Action                   || total
-------------------------++-------
Melee: Long sword        ||    65
       Headbutt          ||     8
Throw: Throwing net      ||     2
 Stab: Held in net/web   ||     1
Armor: Leather armour    ||    18
Dodge: Dodged            ||    40
       Rpst.: Long sword ||    11
